[Event "2nd Gujarat Open 2019"]
[Site "Ahmedabad, Gujarat"]
[Date "2019.09.23"]
[Round "2.28"]
[White "Bidhar, Rutumbara"]
[Black "Sarwat, Walaa"]
[Result "0-1"]
[ECO "C68"]
[WhiteElo "1847"]
[BlackElo "2236"]
[Annotator "ChessBase"]
[PlyCount "62"]
[EventDate "2019.09.22"]
[EventCountry "IND"]
[SourceTitle "playchess.com"]
[Source "ChessBase"]
[SourceQuality "1"]
[TimeControl "5400+30"]

1. e4 e5 2. Nf3 Nc6 3. Bb5 a6 4. Bxc6 dxc6 5. O-O Be6 6. d4 exd4 7. Nxd4 Bc4 8. Re1 c5 9. Nf5 Qxd1 10. Rxd1 g6 11. Ne3 Be6 12. Bd2 O-O-O 13. Bc3 Rxd1+ 14. Nxd1 f6 15. a4 Bg7 16. a5 Ne7 17. Ne3 Nc6 18. Nd2 Rd8 19. Nb3 Bxb3 20. cxb3 Nd4 21. Rd1 Nxb3 22. Nd5 Kb8 23. Re1 Nd4 24. Kf1 f5 25. Nf4 Bh6 26. Bxd4 Rxd4 27. Ne6 Rxe4 28. Rxe4 fxe4 29. Nxc5 Bg7 30. b3 Bc3 31. Nxe4 Bxa5 0-1

[Event "2nd Gujarat Open 2019"]
[Site "Ahmedabad, Gujarat"]
[Date "2019.09.23"]
[Round "2.29"]
[White "Samal Ansuman"]
[Black "Ziatdinov, Raset"]
[Result "0-1"]
[ECO "A45"]
[WhiteElo "1847"]
[BlackElo "2222"]
[Annotator "ChessBase"]
[PlyCount "42"]
[EventDate "2019.09.22"]
[EventCountry "IND"]
[SourceTitle "playchess.com"]
[Source "ChessBase"]
[SourceQuality "1"]
[TimeControl "5400+30"]

1. d4 Nf6 2. e3 e6 3. Bd3 c5 4. c3 Be7 5. Nd2 O-O 6. Ngf3 Nc6 7. O-O Rb8 8. Ne5 b5 9. f4 b4 10. Qf3 bxc3 11. bxc3 Qa5 12. Rb1 Rxb1 13. Bxb1 Ba6 14. Rd1 Qxc3 15. Ne4 Nxe4 16. Nxc6 dxc6 17. Qxe4 g6 18. Bd2 Qb2 19. Bc1 Qe2 20. Qc2 Rb8 21. Bd2 Bd3 0-1

[Event "2nd Gujarat Open 2019"]
[Site "Ahmedabad, Gujarat"]
[Date "2019.09.23"]
[Round "2.30"]
[White "Gandhi, Anish"]
[Black "Aditya P Melani"]
[Result "1-0"]
[ECO "B40"]
[WhiteElo "2201"]
[BlackElo "1847"]
[Annotator "NA"]
[PlyCount "53"]
[EventDate "2019.09.22"]
[EventCountry "IND"]
[SourceTitle "playchess.com"]
[Source "ChessBase"]
[SourceQuality "1"]
[TimeControl "5400+30"]

1. e4 c5 2. Nf3 e6 3. d4 cxd4 4. Nxd4 Nf6 5. Bd3 Nc6 6. Nxc6 bxc6 7. O-O d5 8. Nc3 Be7 9. f4 Qb6+ 10. Kh1 O-O 11. Qf3 Ba6 12. e5 Nd7 13. Na4 Qa5 14. Bxa6 Qxa6 15. b3 g6 16. Bb2 Rfd8 17. g4 Kh8 18. f5 gxf5 19. gxf5 Rg8 20. Rae1 Raf8 21. f6 Bb4 22. c3 Bc5 23. Nxc5 Nxc5 24. Rg1 Ne4 25. Rg7 Ng5 26. Qh5 Qd3 27. Qxg5 1-0

[Event "2nd Gujarat Open 2019"]
[Site "Ahmedabad, Gujarat"]
[Date "2019.09.23"]
[Round "2.31"]
[White "Chilukuri Sai Varshith"]
[Black "Deshmukh, Anup"]
[Result "1-0"]
[ECO "A40"]
[WhiteElo "1813"]
[BlackElo "2193"]
[Annotator "ChessBase"]
[PlyCount "42"]
[EventDate "2019.09.22"]
[EventCountry "IND"]
[SourceTitle "playchess.com"]
[Source "ChessBase"]
[SourceQuality "1"]
[TimeControl "5400+30"]

1. d4 b5 2. e4 Bb7 3. Bd3 c5 4. c3 cxd4 5. cxd4 Nf6 6. Nd2 Nc6 7. Ngf3 Nb4 8. Bxb5 Qb6 9. Bc4 Nxe4 10. Nxe4 Bxe4 11. Bxf7+ Kxf7 12. Ng5+ Ke8 13. Nxe4 Qc6 14. Nc5 Qxg2 15. Rf1 e6 16. Be3 Bxc5 17. dxc5 Qe4 18. Kd2 Qd3+ 19. Kc1 Qc4+ 20. Kd2 Qd3+ 21. Kc1 Qf5 1-0

[Event "2nd Gujarat Open 2019"]
[Site "Ahmedabad, Gujarat"]
[Date "2019.09.23"]
[Round "2.32"]
[White "Jain Adi"]
[Black "Patil, Pratik"]
[Result "1/2-1/2"]
[ECO "D79"]
[WhiteElo "1675"]
[BlackElo "2187"]
[Annotator "NA"]
[PlyCount "65"]
[EventDate "2019.09.22"]
[EventCountry "IND"]
[SourceTitle "playchess.com"]
[Source "ChessBase"]
[SourceQuality "1"]
[TimeControl "5400+30"]

1. Nf3 Nf6 2. c4 c6 3. Nc3 d5 4. cxd5 cxd5 5. d4 g6 6. g3 Bg7 7. Bg2 O-O 8. O-O Nc6 9. Ne5 Be6 10. Nxc6 bxc6 11. Bf4 Nd7 12. Na4 Rc8 13. Rc1 Qa5 14. b3 c5 15. dxc5 Nxc5 16. Nxc5 Rxc5 17. Rxc5 Qxc5 18. Qd2 Rc8 19. Rc1 Bc3 20. Qd3 Qa5 21. Rc2 Bf5 22. e4 dxe4 23. Bxe4 Rd8 24. Qxc3 Bxe4 25. f3 Rd1+ 26. Kg2 Qf5 27. Qc8+ Kg7 28. Qxf5 Bxf5 29. Rc7 Rd7 30. Rxd7 Bxd7 31. Be5+ f6 32. Bd4 a6 33. f4 1/2-1/2

[Event "2nd Gujarat Open 2019"]
[Site "Ahmedabad, Gujarat"]
[Date "2019.09.23"]
[Round "2.34"]
[White "Soham Datar"]
[Black "Garv Gaur"]
[Result "1-0"]
[ECO "C00"]
[WhiteElo "2160"]
[BlackElo "1801"]
[Annotator "NA"]
[PlyCount "77"]
[EventDate "2019.09.22"]
[EventCountry "IND"]
[SourceTitle "playchess.com"]
[Source "ChessBase"]
[SourceQuality "1"]
[TimeControl "5400+30"]

1. c4 e6 2. e4 d5 3. exd5 exd5 4. cxd5 Qxd5 5. Nc3 Qe6+ 6. Be2 Nf6 7. Nf3 Bd6 8. O-O O-O 9. d4 c6 10. Re1 h6 11. Bd3 Qg4 12. Ne4 Nxe4 13. Rxe4 Qd7 14. Rh4 Be7 15. Ne5 Qd6 16. Nc4 Qd8 17. Rh5 Be6 18. Bxh6 gxh6 19. Rxh6 Bg5 20. Qh5 Bxh6 21. Qxh6 Re8 22. Bh7+ Kh8 23. Ne5 Qc7 24. Bd3+ Kg8 25. Qh7+ Kf8 26. Ng6+ fxg6 27. Qxc7 Nd7 28. Bxg6 Re7 29. Qxb7 Nb6 30. Qxc6 Rc8 31. Qf3+ Kg7 32. Bf5 Rce8 33. Qg4+ Kh8 34. Qh5+ Kg8 35. Qg6+ Kh8 36. Qf6+ Kg8 37. Re1 Nd5 38. Bxe6+ Rxe6 39. Qxe6+ 1-0

[Event "2nd Gujarat Open 2019"]
[Site "Ahmedabad, Gujarat"]
[Date "2019.09.23"]
[Round "2.35"]
[White "Ananya Parikh"]
[Black "Sanket Chakravarty"]
[Result "0-1"]
[ECO "B45"]
[WhiteElo "1499"]
[BlackElo "2158"]
[Annotator "ChessBase"]
[PlyCount "74"]
[EventDate "2019.09.22"]
[EventCountry "IND"]
[SourceTitle "playchess.com"]
[Source "ChessBase"]
[SourceQuality "1"]
[TimeControl "5400+30"]

1. e4 c5 2. Nf3 e6 3. d4 cxd4 4. Nxd4 Nc6 5. Nc3 Nf6 6. Be3 Bb4 7. Nxc6 bxc6 8. Bd3 d5 9. exd5 cxd5 10. a3 Be7 11. Ne2 e5 12. c3 O-O 13. h3 Be6 14. Ng3 Qd7 15. Qb1 g6 16. b4 Rfc8 17. Qb2 Bf8 18. Rc1 Rab8 19. O-O Bg7 20. Rc2 Ne8 21. Ne2 e4 22. Ba6 Rc6 23. b5 Rxa6 24. bxa6 Rxb2 25. Rxb2 Qd6 26. Rfb1 Be5 27. Bxa7 Qxa6 28. Bc5 Kg7 29. Nd4 Nc7 30. Rb8 h5 31. Bf8+ Kh7 32. h4 Qd3 33. R8b4 Qxc3 34. Ne2 Qd2 35. Ng3 e3 36. Nf1 Qxf2+ 37. Kh1 e2 0-1

[Event "2nd Gujarat Open 2019"]
[Site "Ahmedabad, Gujarat"]
[Date "2019.09.23"]
[Round "2.35"]
[White "Ananya Parikh"]
[Black "Sanket Chakravarty"]
[Result "*"]
[ECO "C02"]
[WhiteElo "1499"]
[BlackElo "2158"]
[Annotator "ChessBase"]
[PlyCount "48"]
[EventDate "2019.09.22"]
[EventCountry "IND"]
[SourceTitle "playchess.com"]
[Source "ChessBase"]
[SourceQuality "1"]
[TimeControl "5400+30"]

1. e4 e6 2. d4 d5 3. e5 c5 4. Nf3 Nc6 5. Bd3 cxd4 6. O-O Nge7 7. Re1 Ng6 8. a3 a5 9. g3 Qc7 10. Qe2 Bc5 11. Nbd2 Nge7 12. Nf1 Bd7 13. Bd2 Rc8 14. h4 h6 15. N1h2 Rb8 16. h5 Rf8 17. Nh4 f5 18. Ng2 Kd8 19. Nh4 Ke8 20. Ng2 Kd8 21. Nh4 Ke8 22. Ng2 Kd8 23. Nh4 Ke8 24. Ng2 Kd8 *

[Event "2nd Gujarat Open 2019"]
[Site "Ahmedabad, Gujarat"]
[Date "2019.09.23"]
[Round "2.36"]
[White "Zia, Tahsin Tajwar"]
[Black "Phatak Aanjaneya"]
[Result "1-0"]
[ECO "A14"]
[WhiteElo "2142"]
[BlackElo "1663"]
[Annotator "ChessBase"]
[PlyCount "93"]
[EventDate "2019.09.22"]
[EventCountry "IND"]
[SourceTitle "playchess.com"]
[Source "ChessBase"]
[SourceQuality "1"]
[TimeControl "5400+30"]

1. Nf3 Nf6 2. g3 d5 3. Bg2 e6 4. c4 dxc4 5. O-O Be7 6. Qc2 Bd7 7. Ne5 Qc8 8. Qxc4 c5 9. b3 Nc6 10. Nxd7 Qxd7 11. Bb2 Nd4 12. Kh1 O-O 13. e3 Nf5 14. Rd1 b5 15. Qe2 Rac8 16. d4 cxd4 17. e4 Nh6 18. Bxd4 Qb7 19. Nc3 a6 20. e5 Nd5 21. Nxd5 exd5 22. e6 Rcd8 23. exf7+ Rxf7 24. f4 Nf5 25. Be5 Bf6 26. Bxf6 Rxf6 27. Bxd5+ Rxd5 28. Qe8+ Rf8 29. Qe6+ Kh8 30. Qxd5 Qb6 31. Qf3 h6 32. Rd3 Qf6 33. Rad1 Re8 34. g4 Nh4 35. Qf2 g5 36. Rd6 Re6 37. Rxe6 Qxe6 38. Rd8+ Kh7 39. Qa7+ Kg6 40. f5+ Nxf5 41. gxf5+ Qxf5 42. Rd6+ Kh5 43. Qe3 Qf1+ 44. Qg1 Qf4 45. Qd1+ g4 46. Rd5+ Kg6 47. Qd3+ 1-0

[Event "2nd Gujarat Open 2019"]
[Site "Ahmedabad, Gujarat"]
[Date "2019.09.23"]
[Round "3.1"]
[White "Srihari L R"]
[Black "Rozum, Ivan"]
[Result "0-1"]
[ECO "A21"]
[WhiteElo "2283"]
[BlackElo "2596"]
[Annotator "ChessBase"]
[PlyCount "78"]
[EventDate "2019.09.22"]
[EventCountry "IND"]
[SourceTitle "playchess.com"]
[Source "ChessBase"]
[SourceQuality "1"]
[TimeControl "5400+30"]

1. Nf3 d6 2. c4 e5 3. d4 e4 4. Ng5 f5 5. Nc3 Be7 6. Nh3 Nf6 7. g3 O-O 8. Bg2 c6 9. Bg5 Be6 10. d5 Bf7 11. O-O Na6 12. Be3 Nc7 13. Ng5 Bh5 14. f3 Kh8 15. Kh1 Nd7 16. Qd2 Nb6 17. b3 exf3 18. Nxf3 cxd5 19. cxd5 Bf7 20. Ng5 Bg8 21. Nh3 Bf6 22. Bd4 Nbxd5 23. Bxf6 Nxf6 24. Rxf5 Qd7 25. Rff1 d5 26. Rad1 Rad8 27. Qd4 b6 28. Nf4 Qe7 29. Rd3 Rde8 30. Rdf3 Bf7 31. Nd3 Ne6 32. Qh4 d4 33. Ne4 Nxe4 34. Qxe4 Bg8 35. Rxf8 Rxf8 36. Nf4 Rf6 37. Rc1 Qa3 38. Rc8 Rf8 39. Rxf8 Qc1+ 0-1

[Event "2nd Gujarat Open 2019"]
[Site "Ahmedabad, Gujarat"]
[Date "2019.09.23"]
[Round "3.2"]
[White "Sarwat, Walaa"]
[Black "Chanda, Sandipan"]
[Result "0-1"]
[ECO "B53"]
[WhiteElo "2236"]
[BlackElo "2529"]
[Annotator "ChessBase"]
[PlyCount "80"]
[EventDate "2019.09.22"]
[EventCountry "IND"]
[SourceTitle "playchess.com"]
[Source "ChessBase"]
[SourceQuality "1"]
[TimeControl "5400+30"]

1. e4 c5 2. Nf3 d6 3. d4 cxd4 4. Qxd4 Nf6 5. Nc3 Nc6 6. Bb5 Bd7 7. Bxc6 Bxc6 8. Bg5 e6 9. O-O-O Be7 10. Rhe1 O-O 11. Kb1 h6 12. Bh4 Re8 13. Bg3 d5 14. Ne5 Qa5 15. exd5 Bxd5 16. Nxd5 Nxd5 17. c4 Nf6 18. Qe3 Rad8 19. a3 Rxd1+ 20. Rxd1 Qa4 21. Qf3 b5 22. cxb5 Qxb5 23. Qc6 Rb8 24. Qxb5 Rxb5 25. Nc4 Nd5 26. Kc2 Bf6 27. b4 h5 28. Bd6 Nc3 29. Re1 Rf5 30. Be5 Nb5 31. f4 Bxe5 32. Rxe5 Rxf4 33. Rxb5 Rxc4+ 34. Kb3 Rg4 35. Rxh5 Rxg2 36. b5 f5 37. a4 f4 38. a5 f3 39. Rh3 f2 40. Rf3 Rxh2 0-1

[Event "2nd Gujarat Open 2019"]
[Site "Ahmedabad, Gujarat"]
[Date "2019.09.23"]
[Round "3.4"]
[White "Gandhi, Anish"]
[Black "Nguyen, Van Huy"]
[Result "0-1"]
[ECO "A07"]
[WhiteElo "2201"]
[BlackElo "2454"]
[Annotator "ChessBase"]
[PlyCount "78"]
[EventDate "2019.09.22"]
[EventCountry "IND"]
[SourceTitle "playchess.com"]
[Source "ChessBase"]
[SourceQuality "1"]
[TimeControl "5400+30"]

1. Nf3 Nf6 2. g3 d5 3. Bg2 c6 4. O-O Bg4 5. h3 Bh5 6. d4 Nbd7 7. c4 e6 8. Qb3 Qb6 9. Qxb6 axb6 10. cxd5 exd5 11. Bf4 Be7 12. Nc3 O-O 13. g4 Bg6 14. Bg3 b5 15. a3 Ne4 16. Nxe4 Bxe4 17. Ne5 Bxg2 18. Kxg2 Nxe5 19. Bxe5 Ra4 20. Rfd1 Rfa8 21. f3 b4 22. e4 f6 23. Bg3 bxa3 24. bxa3 Rd8 25. e5 Rda8 26. f4 fxe5 27. dxe5 Rxa3 28. Rxa3 Rxa3 29. f5 b5 30. h4 h6 31. Rf1 Kf7 32. f6 gxf6 33. exf6 Bf8 34. g5 h5 35. Be5 c5 36. Rf3 b4 37. Rg3 Rxg3+ 38. Kxg3 d4 39. Kf4 Kg6 0-1

[Event "2nd Gujarat Open 2019"]
[Site "Ahmedabad, Gujarat"]
[Date "2019.09.23"]
[Round "3.5"]
[White "Mehdi Hasan Parag"]
[Black "Das, Sayantan"]
[Result "0-1"]
[ECO "C11"]
[WhiteElo "2183"]
[BlackElo "2434"]
[Annotator "NA"]
[PlyCount "94"]
[EventDate "2019.09.22"]
[EventCountry "IND"]
[SourceTitle "playchess.com"]
[Source "ChessBase"]
[SourceQuality "1"]
[TimeControl "5400+30"]

1. e4 e6 2. d4 d5 3. Nc3 Nf6 4. e5 Nfd7 5. f4 c5 6. Nf3 Nc6 7. Be3 a6 8. Qd2 b5 9. a3 Qb6 10. Ne2 a5 11. c3 g6 12. g4 h5 13. gxh5 Rxh5 14. Ng3 Rh8 15. h4 cxd4 16. cxd4 b4 17. h5 gxh5 18. Nxh5 bxa3 19. bxa3 Qb3 20. Nf6+ Nxf6 21. Rxh8 Ng4 22. Rc1 Nxe3 23. Qc3 Qxc3+ 24. Rxc3 Nxf1 25. Rxc6 Ne3 26. Ng5 Ng2+ 27. Kd2 Nxf4 28. Rc7 Ng6 29. Rg8 Bd7 30. Nh7 Kd8 31. Rc3 Ke7 32. Ke1 Rc8 33. Rb3 Rc4 34. Rb8 Rxd4 35. Nxf8 Nxf8 36. Rbxf8 Re4+ 37. Kd2 Rxe5 38. Ra8 a4 39. Ra7 d4 40. Rb8 Rd5 41. Rbb7 e5 42. Rxa4 e4 43. Raa7 Ke6 44. a4 d3 45. a5 e3+ 46. Kxe3 d2 47. Rxd7 d1=Q 0-1

[Event "2nd Gujarat Open 2019"]
[Site "Ahmedabad, Gujarat"]
[Date "2019.09.23"]
[Round "3.7"]
[White "Sanket Chakravarty"]
[Black "Lugovskoy, Maxim"]
[Result "0-1"]
[ECO "A09"]
[WhiteElo "2158"]
[BlackElo "2422"]
[Annotator "NA RC"]
[PlyCount "166"]
[EventDate "2019.09.22"]
[EventCountry "IND"]
[SourceTitle "playchess.com"]
[Source "ChessBase"]
[SourceQuality "1"]
[TimeControl "5400+30"]

1. c4 e6 2. g3 Nf6 3. Bg2 d5 4. Nf3 d4 5. O-O c5 6. d3 Nc6 7. e3 Bd6 8. exd4 cxd4 9. Na3 e5 10. c5 Bc7 11. Bg5 O-O 12. Nc4 Be6 13. Nfd2 h6 14. Bxf6 Qxf6 15. Ne4 Qe7 16. Ned6 Bxc4 17. Nxb7 Ba6 18. Bxc6 Rab8 19. Qf3 f5 20. Nd6 Bxd6 21. Qd5+ Kh8 22. cxd6 Qf6 23. Rad1 Rb6 24. f4 e4 25. dxe4 fxe4 26. Rfe1 Bd3 27. Rc1 Rd8 28. d7 e3 29. Red1 Be2 30. Rxd4 Bf3 31. Re4 Bxe4 32. Qxe4 Rf8 33. Ba4 Re6 34. Qb4 e2 35. Kf2 a5 36. Qd2 Re4 37. Bc2 Qb6+ 38. Kf3 Rd4 39. Qxe2 Qc6+ 40. Kf2 Qxd7 41. Rd1 Rc8 42. Bf5 Qd8 43. Rxd4 Qxd4+ 44. Kf3 Rf8 45. Bb1 Rd8 46. Qc2 Qd1+ 47. Ke3 Qxc2 48. Bxc2 Kg8 49. a3 Rb8 50. b3 Kf7 51. Kd4 Ke7 52. h3 Kd6 53. g4 g5 54. fxg5 hxg5 55. Ke4 Rb5 56. a4 Re5+ 57. Kf3 Rc5 58. Bd3 Rc3 59. Ke4 Rxb3 60. Bb5 Ke7 61. Ke5 Rxh3 62. Kf5 Rb3 63. Be2 Rb4 64. Bd1 Rd4 65. Bb3 Rd3 66. Bc2 Rc3 67. Bd1 Rc5+ 68. Kg6 Kd6 69. Bb3 Rc3 70. Bf7 Ke7 71. Bd5 Rd3 72. Be4 Rd4 73. Bf5 Rxa4 74. Kxg5 Ra1 75. Bc2 a4 76. Kg6 a3 77. g5 Ra2 78. Bb3 Rb2 79. Bc4 a2 80. Bxa2 Rxa2 81. Kg7 Ke6 82. g6 Kf5 83. Kh7 Rh2+ 0-1

[Event "2nd Gujarat Open 2019"]
[Site "Ahmedabad, Gujarat"]
[Date "2019.09.23"]
[Round "3.8"]
[White "Pranav, Shetty"]
[Black "Himanshu, Sharma"]
[Result "1-0"]
[ECO "B54"]
[WhiteElo "2124"]
[BlackElo "2408"]
[Annotator "NA RC"]
[PlyCount "67"]
[EventDate "2019.09.22"]
[EventCountry "IND"]
[SourceTitle "playchess.com"]
[Source "ChessBase"]
[SourceQuality "1"]
[TimeControl "5400+30"]

1. e4 c5 2. Nf3 e6 3. d4 cxd4 4. Nxd4 Nc6 5. Nc3 d6 6. g4 a6 7. Be3 Nge7 8. Nb3 b5 9. Qe2 Bd7 10. O-O-O b4 11. Na4 Nc8 12. Qd2 Be7 13. f4 Qc7 14. e5 Nxe5 15. fxe5 Bxa4 16. Qxb4 Bd7 17. exd6 Bxd6 18. Bc5 Bxc5 19. Nxc5 Bc6 20. Nxa6 Qb7 21. Qxb7 Bxb7 22. Bb5+ Ke7 23. Rd7+ Kf6 24. Rf1+ Kg5 25. Rxb7 Nd6 26. Rb6 Nxb5 27. Rxb5+ Kxg4 28. Nb4 Rab8 29. a4 f5 30. Nc6 Ra8 31. b3 g5 32. Nd4 Ra6 33. Re5 Re8 34. Nxf5 1-0

[Event "2nd Gujarat Open 2019"]
[Site "Ahmedabad, Gujarat"]
[Date "2019.09.23"]
[Round "3.11"]
[White "Thanki, Hemal Karsanji"]
[Black "Siddharth, Jagadeesh"]
[Result "0-1"]
[ECO "B12"]
[WhiteElo "2098"]
[BlackElo "2362"]
[Annotator "NA"]
[PlyCount "110"]
[EventDate "2019.09.22"]
[EventCountry "IND"]
[SourceTitle "playchess.com"]
[Source "ChessBase"]
[SourceQuality "1"]
[TimeControl "5400+30"]

1. e4 c6 2. d4 d5 3. e5 Bf5 4. h4 h5 5. Bd3 Bxd3 6. Qxd3 Qa5+ 7. Nd2 e6 8. Ngf3 Qa6 9. c4 Bb4 10. b3 Ne7 11. O-O Nf5 12. a3 Be7 13. g3 Nd7 14. Qb1 O-O 15. Re1 Rfd8 16. c5 b6 17. b4 Rab8 18. Qc2 bxc5 19. dxc5 Rxb4 20. axb4 Qxa1 21. Nb3 Qa6 22. Bd2 Nb8 23. Kg2 Rd7 24. Ra1 Qe2 25. Qc3 d4 26. Nbxd4 Nxd4 27. Nxd4 Qe4+ 28. Kg1 Rxd4 29. Rxa7 Bf8 30. Ra1 Rd3 31. Qc1 Nd7 32. Qe1 Qxe1+ 33. Bxe1 Nxe5 34. Kg2 Nf3 35. Rc1 Nxe1+ 36. Rxe1 Rb3 37. Re4 Be7 38. Rd4 Bf6 39. Rd6 Rxb4 40. Rxc6 Rc4 41. Rc8+ Kh7 42. Kf3 Bd4 43. c6 Rc2 44. Ke4 Bxf2 45. Kf3 Be1 46. g4 hxg4+ 47. Kxg4 Rc4+ 48. Kf3 Bxh4 49. Ke3 Bg3 50. Kd3 Rc1 51. Kd2 Bf4+ 52. Kd3 f5 53. Ke2 e5 54. Kf3 Rc3+ 55. Ke2 e4 0-1

[Event "2nd Gujarat Open 2019"]
[Site "Ahmedabad, Gujarat"]
[Date "2019.09.23"]
[Round "3.13"]
[White "Kumar, Gaurav"]
[Black "Neelash Saha"]
[Result "0-1"]
[ECO "B00"]
[WhiteElo "2096"]
[BlackElo "2334"]
[Annotator "NA"]
[PlyCount "44"]
[EventDate "2019.09.22"]
[EventCountry "IND"]
[SourceTitle "playchess.com"]
[Source "ChessBase"]
[SourceQuality "1"]
[TimeControl "5400+30"]

1. e4 b6 2. d4 Bb7 3. Bd3 e6 4. Nf3 d5 5. e5 c5 6. c3 Ne7 7. O-O Nec6 8. Ng5 cxd4 9. cxd4 Nxd4 10. Bxh7 Nbc6 11. Nxf7 Qh4 12. Nxh8 Qxh7 13. Qg4 Qxh8 14. Bg5 Bc5 15. Nc3 Nxe5 16. Qf4 Nf7 17. b4 Bd6 18. Qh4 Qxh4 19. Bxh4 Bxb4 20. Na4 Rc8 21. Rfd1 Ne2+ 22. Kh1 Rc4 0-1

[Event "2nd Gujarat Open 2019"]
[Site "Ahmedabad, Gujarat"]
[Date "2019.09.23"]
[Round "3.16"]
[White "Pranav Vijay"]
[Black "Sparsh Khandelwal"]
[Result "1-0"]
[ECO "B27"]
[WhiteElo "2265"]
[BlackElo "1868"]
[Annotator "NA"]
[PlyCount "45"]
[EventDate "2019.09.22"]
[EventCountry "IND"]
[SourceTitle "playchess.com"]
[Source "ChessBase"]
[SourceQuality "1"]
[TimeControl "5400+30"]

1. e4 c5 2. Nf3 g6 3. d4 cxd4 4. Qxd4 Nf6 5. Bb5 a6 6. e5 axb5 7. exf6 Nc6 8. Qd3 e6 9. Nc3 Bb4 10. O-O O-O 11. Bg5 d5 12. a3 Bc5 13. b4 Bb6 14. Rfe1 Re8 15. Qd2 Bc7 16. Nxb5 Bd6 17. c4 Bf8 18. cxd5 Na7 19. Nxa7 Rxa7 20. dxe6 Bxe6 21. Qxd8 Rxd8 22. Rxe6 h6 23. Ree1 1-0

[Event "2nd Gujarat Open 2019"]
[Site "Ahmedabad, Gujarat"]
[Date "2019.09.23"]
[Round "3.19"]
[White "Rahman, Ziaur"]
[Black "Jay Kundaliya"]
[Result "1-0"]
[ECO "A12"]
[WhiteElo "2492"]
[BlackElo "2097"]
[Annotator "ChessBase"]
[PlyCount "72"]
[EventDate "2019.09.22"]
[EventCountry "IND"]
[SourceTitle "playchess.com"]
[Source "ChessBase"]
[SourceQuality "1"]
[TimeControl "5400+30"]

1. Nf3 d5 2. g3 Nf6 3. Bg2 c6 4. O-O Bf5 5. b3 h6 6. Bb2 Nbd7 7. d3 e6 8. Nbd2 Bh7 9. c4 Be7 10. a3 a5 11. Ra2 O-O 12. Qa1 Re8 13. Ne5 Nxe5 14. Bxe5 Bf8 15. Rc1 Nd7 16. Bc3 Qc7 17. b4 axb4 18. axb4 Rxa2 19. Qxa2 d4 20. Bxd4 Bxb4 21. Qb2 e5 22. Be3 Bc5 23. Rb1 Bxe3 24. fxe3 Nc5 25. Qb4 Qe7 26. Nb3 Nxb3 27. Rxb3 Qxb4 28. Rxb4 e4 29. Rxb7 exd3 30. Bxc6 Rc8 31. e4 Bg6 32. Bd5 dxe2 33. Kf2 Bxe4 34. Bxe4 Re8 35. Kxe2 Rxe4+ 36. Kd3 Re1 1-0

[Event "2nd Gujarat Open 2019"]
[Site "Ahmedabad, Gujarat"]
[Date "2019.09.23"]
[Round "3.22"]
[White "Pimpalkhare Vedant"]
[Black "Eraschenkov, Denis"]
[Result "0-1"]
[ECO "D78"]
[WhiteElo "2104"]
[BlackElo "2390"]
[Annotator "NA"]
[PlyCount "69"]
[EventDate "2019.09.22"]
[EventCountry "IND"]
[SourceTitle "playchess.com"]
[Source "ChessBase"]
[SourceQuality "1"]
[TimeControl "5400+30"]

1. Nf3 Nf6 2. c4 g6 3. g3 Bg7 4. Bg2 O-O 5. O-O e6 6. d4 d5 7. Nc3 Nbd7 8. Ne5 c6 9. cxd5 exd5 10. Bf4 Nh5 11. Nxd7 Bxd7 12. Be3 f5 13. Bf3 f4 14. Bc1 Bh3 15. Re1 Qf6 16. Qb3 Rf7 17. Bd2 fxg3 18. hxg3 Bg4 19. Na4 Bxf3 20. exf3 Qxf3 21. Qxf3 Rxf3 22. Be3 Re8 23. Kg2 Rf7 24. Red1 Nf6 25. Rd3 Ne4 26. Rc1 Nd6 27. b3 Nf5 28. Rc2 Rfe7 29. Kf3 h5 30. Nc5 Bf6 31. b4 Kf7 32. a4 g5 33. Nb3 g4+ 34. Ke2 Bg5 35. Rcc3 0-1

[Event "2nd Gujarat Open 2019"]
[Site "Ahmedabad, Gujarat"]
[Date "2019.09.23"]
[Round "3.23"]
[White "Vlassov, Nikolai"]
[Black "Rathneesh R"]
[Result "1/2-1/2"]
[ECO "B22"]
[WhiteElo "2384"]
[BlackElo "2065"]
[Annotator "NA"]
[PlyCount "68"]
[EventDate "2019.09.22"]
[EventCountry "IND"]
[SourceTitle "playchess.com"]
[Source "ChessBase"]
[SourceQuality "1"]
[TimeControl "5400+30"]

1. e4 c5 2. c3 Nf6 3. e5 Nd5 4. d4 cxd4 5. cxd4 e6 6. Nc3 Nxc3 7. bxc3 d6 8. f4 dxe5 9. fxe5 Qh4+ 10. Ke2 Bd7 11. Nf3 Qe4+ 12. Kf2 Be7 13. Bd3 Qc6 14. Bd2 Qc7 15. Qe2 Bc6 16. Rhf1 Nd7 17. Kg1 O-O-O 18. Ng5 Nxe5 19. dxe5 Qd7 20. Nxf7 Qxd3 21. Qxd3 Rxd3 22. Nxh8 Rxd2 23. Rf4 Bc5+ 24. Kf1 Rxg2 25. Rd1 g5 26. Rf6 Rg1+ 27. Ke2 Bb5+ 28. Kd2 Rg2+ 29. Kc1 Ba3+ 30. Kb1 Bc4 31. Nf7 Rb2+ 32. Ka1 Rxa2+ 33. Kb1 Rb2+ 34. Ka1 Ra2+ 1/2-1/2

[Event "2nd Gujarat Open 2019"]
[Site "Ahmedabad, Gujarat"]
[Date "2019.09.23"]
[Round "3.25"]
[White "Konguvel, Ponnuswamy"]
[Black "Alan Diviya Raj"]
[Result "0-1"]
[ECO "C67"]
[WhiteElo "2374"]
[BlackElo "1943"]
[Annotator "NA"]
[PlyCount "74"]
[EventDate "2019.09.22"]
[EventCountry "IND"]
[SourceTitle "playchess.com"]
[Source "ChessBase"]
[SourceQuality "1"]
[TimeControl "5400+30"]

1. e4 e5 2. Nf3 Nc6 3. Bb5 Nf6 4. O-O Nxe4 5. d4 Nd6 6. Bxc6 dxc6 7. dxe5 Nf5 8. Qxd8+ Kxd8 9. h3 Be6 10. Nc3 b6 11. g4 Ne7 12. Nd4 Bd7 13. Bg5 Kc8 14. e6 fxe6 15. Rfe1 Nd5 16. Nxe6 Bxe6 17. Rxe6 Nxc3 18. bxc3 Bd6 19. Rae1 Kd7 20. f4 h6 21. Bh4 g5 22. Bf2 gxf4 23. Kg2 Rag8 24. Bh4 Re8 25. Rxe8 Rxe8 26. Rxe8 Kxe8 27. Kf3 Kf7 28. Be1 Kg6 29. h4 h5 30. Bd2 Be7 31. g5 Kf5 32. Bxf4 Bd8 33. c4 c5 34. Bg3 a6 35. Ke3 c6 36. Bd6 Ke6 37. Bf8 Bc7 0-1

[Event "2nd Gujarat Open 2019"]
[Site "Ahmedabad, Gujarat"]
[Date "2019.09.23"]
[Round "3.28"]
[White "Shailesh, Dravid"]
[Black "Potawad Anirudhha"]
[Result "1-0"]
[ECO "D34"]
[WhiteElo "2299"]
[BlackElo "1914"]
[Annotator "NA"]
[PlyCount "48"]
[EventDate "2019.09.22"]
[EventCountry "IND"]
[SourceTitle "playchess.com"]
[Source "ChessBase"]
[SourceQuality "1"]
[TimeControl "5400+30"]

1. d4 Nf6 2. c4 e6 3. Nf3 d5 4. Nc3 Be7 5. g3 c5 6. cxd5 exd5 7. Bg2 h6 8. O-O O-O 9. dxc5 Bxc5 10. Na4 Be7 11. Be3 Nc6 12. Rc1 Ne4 13. Nd4 Bd7 14. Nc3 Nxc3 15. Rxc3 Nxd4 16. Bxd4 Bc6 17. Qd3 Qd7 18. Rd1 Rfd8 19. Qb1 b6 20. h4 Rac8 21. Kh2 Qd6 22. Qf5 Bf8 23. h5 Re8 24. Rdc1 Bd7 1-0

[Event "2nd Gujarat Open 2019"]
[Site "Ahmedabad, Gujarat"]
[Date "2019.09.23"]
[Round "3.29"]
[White "Arun Rathee"]
[Black "Nikhil Magizhnan"]
[Result "1/2-1/2"]
[ECO "A04"]
[WhiteElo "1959"]
[BlackElo "2251"]
[Annotator "NA"]
[PlyCount "32"]
[EventDate "2019.09.22"]
[EventCountry "IND"]
[SourceTitle "playchess.com"]
[Source "ChessBase"]
[SourceQuality "1"]
[TimeControl "5400+30"]

1. Nf3 f5 2. d3 Nf6 3. e4 d6 4. Nc3 g6 5. exf5 Bxf5 6. d4 Bg7 7. Be2 O-O 8. O-O Kh8 9. Bg5 c6 10. Re1 Qc7 11. Bd3 Bxd3 12. Qxd3 Na6 13. a3 Rae8 14. Rad1 Qd7 15. Re2 Nc7 16. Rde1 Rf7 1/2-1/2